 Dungeon Crawl Stone Soup version 0.26-a0-36-g11e0b32562 (webtiles) character file.

Game seed: 11946675572623120644, levelgen mode: deterministic

623 rituel the Skirmisher (level 7, -1/59 HPs)
             Began as a Formicid Abyssal Knight on May 30, 2020.
             Was a Believer of Lugonu.
             Slain by a gnoll shaman
             ... wielding a +0 club
              (4 damage)
             ... on level 5 of the Dungeon.
             The game lasted 00:12:21 (5714 turns).

rituel the Skirmisher (Formicid Abyssal Knight)     Turns: 5714, Time: 00:12:21

Health: -1/59      AC:  4    Str: 18    XL:     7   Next: 75%
Magic:  9/9        EV: 11    Int: 12    God:    Lugonu [**....]
Gold:   333        SH:  0    Dex: 10    Spells: 6/6 levels left

rFire    . . .     SeeInvis +   r - +2 spear (flame)
rCold    + . .     Gourm    .   (no shield)
rNeg     . . .     Faith    .   q - +0 leather armour {rC+}
rPois    .         Spirit   .   (helmet unavailable)
rElec    .         Reflect  .   (no cloak)
rCorr    .         Harm     .   o - +0 pair of gloves
MR       .....                  (no boots)
Stlth    +.........             (no amulet)
HPRegen  0.19/turn              (no ring)
MPRegen  0.11/turn              (no ring)

@: no status effects
A: permanent stasis, dig shafts and tunnels, four strong arms, antennae 3
a: Dig, Shaft Self, Depart the Abyss, Bend Space, Renounce Religion


You were on level 5 of the Dungeon.
You worshipped Lugonu.
Lugonu was pleased with you.
You were not hungry.

You visited 1 branch of the dungeon, and saw 5 of its levels.
You visited the Abyss 1 time.

You collected 333 gold pieces.

Inventory:

Hand Weapons
 a - a +1 hand axe
 k - a +2 short sword of protection
 l - a +0 arbalest
 r - a +2 spear of flaming (weapon)
 s - a +1 dagger of venom
Missiles
 p - 12 poisoned darts (quivered)
 v - 11 boomerangs
Armour
 o - a +0 pair of gloves (worn)
 q - a +0 leather armour of cold resistance (worn)
 z - a +0 tower shield
Scrolls
 d - a scroll of immolation {unknown}
 e - 5 scrolls of identify {unknown}
 g - 4 scrolls of teleportation {unknown}
 i - a scroll of fear {unknown}
 t - a scroll of blinking {unknown}
 u - a scroll of random uselessness {unknown}
 w - a scroll of amnesia {unknown}
 x - 2 scrolls of fog {unknown}
 y - a scroll of enchant armour {unknown}
Potions
 b - a potion of might {unknown}
 f - 3 potions of curing {unknown}
 h - a potion of haste {unknown}
 j - 2 potions of cancellation {unknown}
 m - 2 potions of resistance {unknown}
 n - 3 potions of heal wounds {unknown}
Comestibles
 c - 12 rations


   Skills:
 - Level 6.4 Fighting
 - Level 5.6(5.7) Axes
 + Level 0.7(3.5) Polearms
 - Level 2.1 Armour
 - Level 0.8 Dodging
 - Level 3.6 Invocations


You had 6 spell levels left.
You didn't know any spells.
Your spell library was empty.

Dungeon Overview and Level Annotations

Branches:
Dungeon (5/15)             Temple (0/1) D:4

Altars:
Elyvilon
Kikubaaqudgha
Okawaru
Wu Jian
Yredelemnul


Innate Abilities, Weirdness & Mutations

You cannot be hasted, slowed, berserked, paralysed or teleported.
You can dig through walls and to a lower floor.
Your four strong arms can wield two-handed weapons with a shield.
You have a pair of large antennae on your head. (SInv)


Message History

The gnoll shaman is severely wounded.
The gnoll shaman hits you with a +0 club.
The gnoll hits you from afar with a +0 spear.
You closely miss the gnoll shaman.
The gnoll shaman is severely wounded.
The gnoll misses you. The gnoll shaman barely misses you.
The gnoll hits you from afar with a +0 spear.
* * * LOW HITPOINT WARNING * * *
You hit the gnoll shaman but do no damage.
The gnoll shaman is severely wounded.
The gnoll shaman mumbles some strange prayers to its god against you.
You easily resist.
The gnoll hits you from afar with a +0 spear.
* * * LOW HITPOINT WARNING * * *
You hit the gnoll shaman. You burn the gnoll shaman.
The gnoll shaman is almost dead.
The gnoll hits you from afar with a +0 spear.
* * * LOW HITPOINT WARNING * * *
The gnoll shaman hits you with a +0 club.
You die...

.†.#...##.#####.......##
##.# .....# #.r#
..####.#### #.# ########÷.#
#.# #.# #.# ###.### #.# #.#
##+# # #.#.#.###.# #.##
#... ## #.#.....#.# #..###
.... .## #.###.#.#.#
##.#.## ....
..####...##.#.#####g...####
....
..'.............@ggg...(..+
....
..####...#....######...####
[... .## ##.##..#.# #..##
.... ## ####..#.# #.## ....
# #..#.# #.# #... #.##.#
#.# ##+# #.##.# #.# #.#
#[##.# #.######## #.#
#....# #{.......###.#


You could see a gnoll shaman and 3 gnolls.

Vanquished Creatures
  Grinder (D:5)
  An ogre (D:5)
  A scorpion (D:4)
  A wight (D:4)
  A hound (D:4)
  2 gnolls (D:5)
  5 adders
  4 river rats (D:5)
  A shadow imp (D:5)
  2 oozes
  4 worms
  2 dart slugs (D:3)
  8 leopard geckos
  An orc (D:5)
  A ball python (D:2)
  11 bats
  6 giant cockroaches
  6 goblins
  5 hobgoblins (D:2)
  11 jackals
  8 frilled lizards
  4 kobolds
  18 rats
104 creatures vanquished.

Notes
Turn   | Place    | Note
-------+----------+-------------------------------------------
     0 | Abyss:1  | rituel the Formicid Abyssal Knight began the quest for the
                  | Orb.
     0 | Abyss:1  | Reached XP level 1. HP: 18/18 MP: 2/2
    91 | Abyss:1  | Noticed a smoke demon
    93 | D:1      | Escaped the Abyss
   211 | D:1      | Reached XP level 2. HP: 22/24 MP: 3/3
   259 | D:1      | Reached * piety under Lugonu
   495 | D:1      | Reached XP level 3. HP: 29/29 MP: 4/4
  1664 | D:2      | Reached XP level 4. HP: 16/35 MP: 5/5
  2453 | D:2      | Reached XP level 5. HP: 34/42 MP: 6/6
  2803 | D:2      | Found an ornate altar of the Wu Jian Council.
  2809 | D:2      | Found a basalt altar of Yredelemnul.
  2924 | D:3      | Reached ** piety under Lugonu
  3115 | D:3      | Found an iron altar of Okawaru.
  3221 | D:3      | Found an ancient bone altar of Kikubaaqudgha.
  3407 | D:4      | Reached skill level 5 in Axes
  3415 | D:4      | Reached XP level 6. HP: 48/48 MP: 7/7
  3450 | D:4      | Reached skill level 4 in Fighting
  3778 | D:4      | Found a staircase to the Ecumenical Temple.
  4196 | D:5      | Entered Level 5 of the Dungeon
  4289 | D:5      | Found a white marble altar of Elyvilon.
  4350 | D:5      | Noticed Grinder
  4369 | D:5      | Killed Grinder
  4369 | D:5      | Reached skill level 6 in Fighting
  4369 | D:5      | Reached XP level 7. HP: 39/59 MP: 8/8
  5714 | D:5      | Slain by a gnoll shaman

Illustrated notes

Levels and vault maps discovered:
D:1:      kilobyte_arrival_exit_the_forest, layout_rooms
D:2:      minmay_razor_zed, layout_rooms, minitemple, first_ration
D:3:      layout_rooms, lemuel_doored_altar, lemuel_round_altar
D:4:      layout_gridville, minmay_temple_entry_statues_pillars, uniq_eustachio
D:5:      wander_guarded_unrand_ratskin, layout_loops_corners,
          lemuel_crystal_altar, uniq_duvessa, uniq_grinder

Skill      XL: |  1  2  3  4  5  6  7 |
---------------+----------------------+-----
Axes           | 3 4 5 |  5.6
Fighting       | 6 |  6.4
Invocations    | 3 |  3.6
Polearms       | |  0.7
Armour         | |  2.1
Dodging        | |  0.8

Action                   |  1- 3 |  4- 6 |  7- 9 || total
-------------------------+-------+-------+-------++-------
Melee: Hand axe          |   118 |    59 |       ||   177
       Spear             |       |    64 |    85 ||   149
       Dagger            |       |    20 |       ||    20
Throw: Dart              |     3 |    15 |     5 ||    23
       Boomerang         |       |     4 |       ||     4
Invok: Depart the Abyss  |     1 |       |       ||     1
  Eat: Chunk             |     2 |     9 |     4 ||    15
Armor: Leather armour    |    34 |    24 |     9 ||    67
Dodge: Dodged            |    79 |    79 |    32 ||   190

Table legend:
 A = Non-vault XP
 B = Vault XP
 C = Vault XP percentage of total XP
 D = Non-vault monster count
 E = Vault monster count
 F = Vault count percentage of total count
                 A         B        C        D         E       F
            +---------+---------+-------+---------+---------+-------
      Total |     514 |     377 |  42.3 |      74 |      30 |  28.8
            +---------+---------+-------+---------+---------+-------
        D:1 |      50 |       0 |   0.0 |      28 |       0 |   0.0
        D:2 |      61 |      37 |  37.8 |      18 |      14 |  43.8
        D:3 |      32 |       0 |   0.0 |      12 |       0 |   0.0
        D:4 |     202 |       0 |   0.0 |       8 |       0 |   0.0
        D:5 |     169 |     340 |  66.8 |       8 |      16 |  66.7
            +---------+---------+-------+---------+---------+-------
